 Dungeon Crawl Stone Soup version 0.31-a0-1074-g0b22e4e0f1 (webtiles) character file.

Game seed: 9401327775144606393

51 timneilson the Ruffian (level 3, -3/24 HPs)
             Began as an Octopode Shapeshifter on Nov 27, 2023.
             Slain by an orc priest
             ... wielding a +0 flail
              (9 damage)
             ... on level 3 of the Dungeon.
             The game lasted 00:02:44 (815 turns).

timneilson the Ruffian (Octopode Shapeshifter)       Turns: 815, Time: 00:02:45

Health: -3/24      AC:  1    Str: 15    XL:     3   Next: 83%
Magic:  3/3        EV: 13    Int: 12    God:
Gold:   1093       SH:  0    Dex: 11    Spells: 2/2 levels left

rFire   . .          .
                       - Unarmed
rCold   . . .        (no shield)
rNeg    . . .        (helmet currently unavailable)
rPois   .            (no amulet)
rElec   .            (no ring)
rCorr   .            (no ring)
SInv    .            (no ring)
Will    .....        (no ring)
Stlth   +++          (no ring)
HPRegen 0.24/turn    (no ring)
MPRegen 0.08/turn    (no ring)
                     (no ring)

%: no passive effects
@: beast-form
A: beast (slay +1), almost no armour, amphibious, 8 rings, camouflage 1,
gelatinous body 1, (nimble swimmer 1), tentacles
a: Begin Untransformation


You were on level 3 of the Dungeon.
You were a hulking beast.
You visited 1 branch of the dungeon, and saw 3 of its levels.

You collected 1093 gold pieces.

Inventory:

Talismans
 b - a beast talisman
 c - a flux talisman
Wands
 h - a wand of light (3)
Scrolls
 d - a scroll of identify {unknown}
 g - a scroll of silence {unknown}
Potions
 a - a potion of lignification
 e - 2 potions of curing {unknown}
 f - a potion of cancellation {unknown}
 i - a potion of brilliance {unknown}
 j - 3 potions of haste {unknown}


   Skills:
 * Level 1.8 Fighting
 * Level 2.5 Dodging
 + Level 1.5 Stealth
 * Level 3.4 Unarmed Combat
 * Level 3.3 Shapeshifting


You had 2 spell levels left.
You didn't know any spells.
Your spell library was empty.

Dungeon Overview and Level Annotations

Branches:
Dungeon (2/15)

Altars:
Wu Jian


Innate Abilities, Weirdness & Mutations

You are a hulking beast.
Your limbs bulge with bestial killing power. (Slay +1)
You cannot wear most types of armour.
You are amphibious.
You can wear up to eight rings at the same time.
Your skin changes colour to match your surroundings (Stealth+).
Your rubbery body absorbs attacks. (AC +1, EV +1)
((You are camouflaged when in or above water. (Stealth+)))
You have tentacles for arms and can constrict up to eight enemies at once.


Message History

You tentacle-slap the worm.
The worm is moderately wounded.
You constrict the worm. You tentacle-slap the worm. You squeeze the worm.
The worm is severely wounded.
You constrict the worm. The worm bites you!
You tentacle-slap the worm.
The worm is almost dead.
You constrict the worm. You tentacle-slap the worm.
You kill the worm!
You now have 1093 gold pieces (gained 13).
h - a wand of light (3)
A bat comes into view.
The helpless bat fails to defend itself.
You bludgeon the bat!
You kill the bat!
Found a scroll labelled ROSTRE IF LAPASM.
An orc priest and a jackal come into view.
The orc priest shouts!
The jackal barks!
An orc wizard comes into view. It is wielding a +0 dagger.
The jackal moves out of view.
A jackal comes into view.
Found a red potion.
An orc comes into view. It is wielding a +0 short sword.
You barely miss the orc priest. You grab the orc priest.
You tentacle-slap the orc priest. You squeeze the orc priest.
The orc priest is moderately wounded.
You constrict the orc priest.
The orc priest hits you with a +0 flail!
You tentacle-slap the orc priest.
The orc priest is almost dead.
You constrict the orc priest, but do no damage.
The orc priest hits you with a +0 flail!
* * * LOW HITPOINT WARNING * * *
You completely miss the orc priest.
The orc priest is almost dead.
You constrict the orc priest, but do no damage.
The orc priest hits you with a +0 flail!
You die...

#########.#
#^....
#######.......#.#
######
#...............#
##.####.......#.#
#.# #.......#..+
#.# #.......#.##
#.# #.......#.#
#.############.#
#..........hoh.#
#############h.#
#.?# #..# #h.#
#h.# .o.. #..#
#.!.


You could see an orc priest and 2 jackals.

Vanquished Creatures
  A worm (D:3)
  2 dart slugs (D:1)
  An orc (D:3)
  3 bats
  3 endoplasms (D:1)
  A giant cockroach (D:1)
  2 goblins (D:1)
  4 hobgoblins
  5 jackals
  A kobold (D:1)
  3 quokkas
  5 ball pythons
  4 frilled lizards
  3 rats (D:1)
38 creatures vanquished.

Notes
Turn   | Place    | Note
-------+----------+-------------------------------------------
     0 | D:1      | timneilson the Octopode Shapeshifter began the quest for
                  | the Orb.
     0 | D:1      | Reached XP level 1. HP: 13/13 MP: 1/1
    61 | D:1      | Reached XP level 2. HP: 18/18 MP: 2/2
   193 | D:1      | Reached XP level 3. HP: 21/23 MP: 3/3
   217 | D:1      | Reached skill level 1 in Stealth
   409 | D:1      | Identified a scroll of acquirement
   409 | D:1      | Acquired 1034 gold pieces
   577 | D:2      | You fall into a shaft and drop 1 floor!
   630 | D:3      | Found an ornate altar of the Wu Jian Council.
   660 | D:3      | Found a faded altar of an unknown god.
   815 | D:3      | Slain by an orc priest

Illustrated notes

Levels and vault maps discovered:
D:1:      matt_arrival_debris, layout_rooms, minmay_bisected
D:2:      layout_loops_ring, serial_forest, infiniplex_forest_clump_double,
          infiniplex_forest_clump_double, infiniplex_forest_pool,
          infiniplex_forest_clump_diagonal, infiniplex_forest_fountain,
          minmay_pentomino_o2
D:3:      layout_basic, nicolae_wu_jian_wuxing_cycle,
          lemuel_coloured_pillars_altar, nicolae_ecumenical_lake_church,
          minmay_stone_trees_medium, lightli_corner_chamber, uniq_jessica

Skill      XL: |  1  2  3 |
---------------+----------+-----
Stealth        | 1 |  1.5
Fighting       | |  1.8
Dodging        | |  2.5
Unarmed Combat | |  3.4
Shapeshifting  | |  3.3

Action                     || total
---------------------------++-------
  Melee: Unarmed           ||    69
         Tentacles         ||    17
         Constrict         ||    19
         Punch             ||     2
    Use: Scroll            ||     3
   Stab: Sleeping          ||     7
 Armour: Skin              ||    21
  Dodge: Dodged            ||    31

Table legend: (Time is in decaauts)
 A = Elapsed time spent in this place.
 B = Non-inter-level travel time spent in this place.
 C = Inter-level travel time spent in this place.
 D = Time resting spent in this place.
 E = Time spent auto-exploring this place.
 F = Levels seen in this place.
 G = Mean time per level.
                   A        B        C        D        E       F      G
               +--------+--------+--------+--------+--------+-----+--------+
         Total |    810 |    803 |      7 |      0 |    504 |   3 |  270.0 |
       Dungeon |    810 |    803 |      7 |      0 |    504 |   3 |  270.0 |
               +--------+--------+--------+--------+--------+-----+--------+

Top non-repeatable levels by time:
     D:1: 419 daAuts
     D:3: 236 daAuts
     D:2: 154 daAuts
